 Dungeon Crawl Stone Soup version 0.28-a0-1234-g826d19b2e0 (webtiles) character file.

Game seed: 2929908433325491936

2538 r3xj the Basher (level 9, 0/82 HPs)
             Began as a Minotaur Fighter on Dec 23, 2021.
             Succumbed to a water moccasin's poison
             ... on level 6 of the Dungeon.
             The game lasted 00:16:25 (7851 turns).

r3xj the Basher (Minotaur Fighter)                  Turns: 7851, Time: 00:16:25

Health: 0/82       AC:  8    Str: 26    XL:     9   Next: 30%
Magic:  8/8        EV:  8    Int:  5    God:
Gold:   188        SH:  9    Dex:  9    Spells: 8/8 levels left

rFire   + . .      SeeInvis .   s - +0 morningstar
rCold   + + .      Faith    .   v - +0 kite shield
rNeg    + . .      Spirit   .   b - +0 scale mail
rPois   .          Reflect  .   (helmet restricted)
rElec   .          Harm     .   z - scarf {rC+ rF+}
rCorr   .          Rampage  .   (no gloves)
Will    .....                   j - +0 pair of boots
Stlth   ..........              (no amulet)
HPRegen 0.23/turn               a - ring of positive energy
MPRegen 0.11/turn               t - ring of protection from cold

@: lethally poisoned (0 -> -15)
A: horns 2, retaliatory headbutt
a: no special abilities


You were on level 6 of the Dungeon.
You visited 2 branches of the dungeon, and saw 7 of its levels.
You also visited: Sewer.

You collected 188 gold pieces.

Inventory:

Hand Weapons
 s - a +0 morningstar (weapon)
 C - a +5 flail of protection
Missiles
 k - 19 poisoned darts (quivered)
 y - 4 javelins
Armour
 b - a +0 scale mail (worn)
 c - a +0 buckler
 j - a +0 pair of boots (worn)
 v - a +0 kite shield (worn)
 z - a scarf of resistance (worn)
Jewellery
 a - a ring of positive energy (left hand)
 q - a ring of ice
 t - a ring of protection from cold (right hand)
 H - a ring of poison resistance
Wands
 B - a wand of flame (9)
Scrolls
 g - a scroll of brand weapon {unknown}
 i - a scroll of noise {unknown}
 m - 3 scrolls of blinking {unknown}
 o - a scroll of identify {unknown}
 p - a scroll of magic mapping {unknown}
 r - a scroll of torment {unknown}
 w - a scroll of fear {unknown}
 x - 5 scrolls of teleportation {unknown}
 A - a scroll of amnesia {unknown}
 G - 2 scrolls of summoning {unknown}
 I - a scroll of enchant weapon {unknown}
Potions
 d - 4 potions of might
 e - a potion of resistance {unknown}
 f - 2 potions of mutation {unknown}
 h - a potion of flight {unknown}
 l - 3 potions of haste {unknown}
 n - 4 potions of curing {unknown}
 u - 2 potions of attraction {unknown}
 D - a potion of degeneration {unknown}
 E - 2 potions of ambrosia {unknown}
 F - a potion of heal wounds {unknown}


   Skills:
 + Level 8.7 Fighting
 * Level 10.7 Maces & Flails
 - Level 5.1 Armour
 + Level 7.5 Shields


You had 8 spell levels left.
You didn't know any spells.
Your spell library contained the following spells:

 Spells                   Type           Power      Damage    Failure   Level
 Magic Dart               Conj           0%         1d3       97%         1
 Call Imp                 Summ           0%         N/A       99%         2
 Ignite Poison            Fire/Tmut/Pois 0%         N/A       100%        3
 Mephitic Cloud           Conj/Pois/Air  0%         N/A       100%        3
 Freezing Cloud           Conj/Ice/Air   0%         6-21      100%        5


Dungeon Overview and Level Annotations

Branches:
Dungeon (6/15)             Temple (1/1) D:5           Sewer (visited)

Altars:
Dithmenos
Elyvilon
Fedhas
Gozag
Makhleb
Nemelex Xobeh
Qazlal
Ru
Sif Muna
Trog
Vehumet
Wu Jian
Xom

Annotations:
D:4 3 runed translucent doors, Maimakterion's ghost, amateur DsMo


Innate Abilities, Weirdness & Mutations

You have a pair of horns on your head.
You reflexively headbutt those who attack you in melee.


Message History

The centaur zombie kicks you but does no damage.
The water moccasin bites you but does no damage.
The centaur zombie barely misses you. You block the centaur zombie's attack.
You puncture the water moccasin!
The water moccasin is severely wounded.
You feel sick. The water moccasin closely misses you.
You block the centaur zombie's attack.
The centaur zombie kicks you but does no damage.
You block the water moccasin's attack.
Unknown command.
You closely miss the water moccasin.
The water moccasin is severely wounded.
You feel sick.
The centaur zombie hits you but does no damage.
The centaur zombie kicks you but does no damage.
The water moccasin bites you!
The centaur zombie hits you but does no damage.
The centaur zombie kicks you.
* * * LOW HITPOINT WARNING * * *
You barely miss the water moccasin.
The water moccasin is severely wounded.
You feel sick. You block the water moccasin's attack.
You block the centaur zombie's attack. The centaur zombie barely misses you.
The water moccasin bites you.
* * * LOW HITPOINT WARNING * * *
You are more poisoned.
The water moccasin poisons you!
You feel very sick.
You feel sick.
You feel sick.
Things that are here:
a +0 club; a +0 ring mail; an orc corpse You feel sick.
You block the water moccasin's attack.
You feel sick.
You feel sick.
You feel sick. The water moccasin bites you.
* * * LOW HITPOINT WARNING * * *
You are lethally poisoned!
The water moccasin poisons you!
You die...

# .#.#### #. ......
#.###...#######
#.............#
..............#
...........#.#.#
#########..)........#
.........S.@..<...#
###
####....Z.)####......
...) #.).....+ .....
.....####.).....#
....
................# ...
.....>.....####.# ..
.............##.# .
......###....##.#
...... #....##..


You could see a water moccasin and a centaur zombie.

Vanquished Creatures
  Pikel (D:5)
  Sigmund (D:3)
  Eustachio (D:5)
  A steam dragon (D:5)
  Edmund (D:4)
  Duvessa (D:4)
  A sky beast (D:5)
  2 black bears
  An ogre (D:2)
  2 lemures (D:5)
  2 kobold brigands (Sewer)
  Blork the orc (D:5)
  A scorpion (D:5)
  Dowan (D:4)
  A water moccasin skeleton (D:5)
  3 hounds
  A jelly (D:5)
  4 orc priests
  6 orc wizards
  An iguana (D:5)
  4 gnolls (D:2)
  4 river rats (Sewer)
  10 adders
  An ufetubus (D:5)
  8 worms
  3 dart slugs
  23 orcs
  13 ball pythons
  3 endoplasms (D:1)
  11 giant cockroaches
  8 hobgoblins
  5 jackals
  12 kobolds
  9 quokkas
  6 bats
  2 frilled lizards (D:1)
  8 goblins
  4 rats (D:1)
167 creatures vanquished.

Vanquished Creatures (others)
  7 fungi (D:5)
  13 plants
20 creatures vanquished.

Grand Total: 187 creatures vanquished

Notes
Turn   | Place    | Note
-------+----------+-------------------------------------------
     0 | D:1      | r3xj the Minotaur Fighter began the quest for the Orb.
     0 | D:1      | Reached XP level 1. HP: 19/19 MP: 0/0
   211 | D:1      | Found a faded altar of an unknown god.
   284 | D:1      | Reached XP level 2. HP: 27/27 MP: 1/1
   829 | D:1      | Reached skill level 3 in Maces & Flails
   914 | D:1      | Reached XP level 3. HP: 33/33 MP: 2/2
  1370 | D:2      | Noticed an ogre
  1382 | D:2      | Killed an ogre
  1383 | D:2      | Reached XP level 4. HP: 17/41 MP: 3/3
  1605 | D:2      | Reached skill level 4 in Maces & Flails
  1605 | D:2      | Reached XP level 5. HP: 24/47 MP: 4/4
  1660 | D:2      | Reached skill level 5 in Fighting
  1660 | D:2      | Reached skill level 5 in Armour
  2437 | D:3      | Noticed Sigmund
  2454 | D:3      | Killed Sigmund
  2455 | D:3      | Reached skill level 5 in Maces & Flails
  2455 | D:3      | Reached XP level 6. HP: 54/57 MP: 5/5
  3778 | D:4      | Reached skill level 6 in Maces & Flails
  3780 | D:4      | Found a runed translucent gate.
  3780 | D:4      | Found a runed translucent gate.
  3780 | D:4      | Found a runed translucent gate.
  3781 | D:4      | Noticed a steam dragon
  3851 | D:4      | Found a shimmering blue altar of Sif Muna.
  3952 | D:4      | Reached XP level 7. HP: 63/63 MP: 6/6
  3982 | D:4      | Noticed Maimakterion's ghost (amateur DsMo)
  4342 | D:4      | Noticed Dowan
  4344 | D:4      | Noticed Duvessa
  4356 | D:4      | Killed Duvessa
  4362 | D:4      | Killed Dowan
  4363 | D:4      | Reached skill level 7 in Maces & Flails
  4623 | D:4      | Reached skill level 5 in Shields
  4750 | D:4      | Noticed Edmund
  4885 | D:4      | Killed Edmund
  5342 | D:4      | Reached XP level 8. HP: 63/73 MP: 7/7
  5350 | D:4      | Reached skill level 8 in Maces & Flails
  5591 | D:5      | Entered Level 5 of the Dungeon
  5636 | D:5      | Noticed Blork the orc
  5658 | D:5      | Killed Blork the orc
  5837 | D:5      | Found a glowing drain.
  5865 | Sewer    | Entered a sewer
  6070 | Sewer    | Reached skill level 9 in Maces & Flails
  6816 | D:5      | Noticed Pikel
  6823 | D:5      | Killed Pikel
  6824 | D:5      | Reached skill level 10 in Maces & Flails
  6824 | D:5      | Reached XP level 9. HP: 55/82 MP: 8/8
  7024 | D:5      | Found a staircase to the Ecumenical Temple.
  7465 | D:5      | Noticed Eustachio
  7476 | D:5      | Killed Eustachio
  7624 | Temple   | Entered the Ecumenical Temple
  7850 | D:6      | HP: 4/82 [water moccasin (4)]
  7851 | D:6      | Succumbed to a water moccasin's poison

Illustrated notes

Levels and vault maps discovered:
D:1:      heliophobic_arrival_battle_scene, layout_basic,
          ebering_ecumenical_altar_mist, minmay_pentomino_u4
D:2:      minmay_general_purpose_star, layout_basic, corner_web_ring
D:3:      minmay_inner_zag, layout_basic, chequers_big_river,
          minmay_shallow_snake_nest, uniq_sigmund
D:4:      layout_basic, mainiacjoe_overflow_boulevard, gammafunk_ghost_split,
          sigmund_army, uniq_duvessa, uniq_edmund
D:5:      kennysheep_steamy, layout_loops_corners, minmay_temple_entry_ruins,
          portal_sewer_entry_f, kennysheep_doodads, uniq_blork_the_orc,
          uniq_pikel, uniq_eustachio
D:6:      layout_basic, minitemple, kennysheep_mini_moat
Temple:   nicolae_temple_hex_pool

Skill      XL: |  1  2  3  4  5  6  7  8 |
---------------+-------------------------+-----
Fighting       | 4 5 6 7 8 |  8.7
Shields        | 4 5 7 |  7.5
Armour         | 4 5 |  5.1
Maces & Flails | 3 4 5 6 7 10 | 10.7

Action                   |  1- 3 |  4- 6 |  7- 9 || total
-------------------------+-------+-------+-------++-------
Melee: Flail             |    76 |    57 |       ||   133
       Headbutt          |     6 |    20 |    43 ||    69
       Morningstar       |       |    89 |   298 ||   387
Throw: Dart              |       |       |     1 ||     1
Armor: Scale mail        |    37 |    72 |   134 ||   243
Dodge: Dodged            |    41 |    75 |    96 ||   212
Block: Buckler           |    15 |    18 |       ||    33
       Kite shield       |       |    21 |   134 ||   155

Table legend: (Time is in decaauts)
 A = Elapsed time spent in this place.
 B = Non-inter-level travel time spent in this place.
 C = Inter-level travel time spent in this place.
 D = Time resting spent in this place.
 E = Time spent auto-exploring this place.
 F = Levels seen in this place.
 G = Mean time per level.
                   A        B        C        D        E       F      G
               +--------+--------+--------+--------+--------+-----+--------+
         Total |   8073 |   7599 |    474 |    101 |   5978 |   8 | 1009.1 |
       Dungeon |   7208 |   6753 |    455 |    101 |   5348 |   6 | 1201.3 |
        Temple |     91 |     72 |     19 |      0 |     61 |   1 |   91.0 |
         Sewer |    773 |    773 |      0 |      0 |    568 |   1 |  773.0 |
               +--------+--------+--------+--------+--------+-----+--------+

Top non-repeatable levels by time:
     D:4: 1782 daAuts
     D:3: 1466 daAuts
     D:5: 1391 daAuts
     D:1: 1338 daAuts
     D:2: 1110 daAuts
   Sewer: 773 daAuts
     D:6: 118 daAuts
  Temple: 91 daAuts
